 Dungeon Crawl Stone Soup version 0.19.4 (webtiles) character file.

108 Gargoyl the Skirmisher (level 4, -1/38 (40) HPs)
             Began as a Ghoul Abyssal Knight on Feb 4, 2017.
             Was a Believer of Lugonu.
             Slain by Purgy (2 damage)
             ... in a sewer.
             The game lasted 00:06:20 (2258 turns).

Gargoyl the Skirmisher (Ghoul Abyssal Knight)       Turns: 2258, Time: 00:06:21

HP:   -1/38 (40)    AC: 10    Str: 15    XL:     4   Next: 87%
MP:   14/14         EV:  6    Int:  7    God:    Lugonu [**....]
Gold: 133           SH:  0    Dex:  9    Spells: 0 memorised, 3 levels left

rFire  + . .     SeeInvis .     e - +0 scimitar (flame)
rCold  + . .     Gourm    .     g - +2 chain mail {rF+}
rNeg   + + +     Faith    .     (no shield)
rPois  ∞         Spirit   .     (no helmet)
rElec  .         Reflect  .     (no cloak)
rCorr  +         Harm     .     (no gloves)
MR     .....                    (no boots)
Stlth  ..........               (no amulet)
                                i - ring of magical power
                                d - ring of resist corrosion

@: rotting
A: rotting body, claws 1, carnivore 3, cold resistance 1, negative energy
resistance 3, slow regeneration 1, torment resistance, unbreathing
a: Depart the Abyss, Bend Space, Renounce Religion


You were in a sewer.
You worshipped Lugonu.
Lugonu was pleased with you.
You were not hungry.

You visited 1 branch of the dungeon, and saw 3 of its levels.
You visited the Abyss 1 time.
You also visited: Sewer.

You collected 133 gold pieces.

Inventory:

Hand Weapons
 a - a +1 hand axe
 e - a +0 scimitar of flaming (weapon)
Missiles
 f - 3 steel javelins (quivered)
Armour
 g - a +2 chain mail of fire resistance (worn)
Jewellery
 d - a ring of resist corrosion (left claw)
 i - a ring of magical power (right claw)
Scrolls
 h - a scroll of amnesia
Books
 b - a book of Changes

   Spells                             Type                      Level
   a - Beastly Appendage              Transmutation                1
   b - Sticks to Snakes               Transmutation                2
   c - Spider Form                    Transmutation/Poison         3
   d - Ice Form                       Ice/Transmutation            4
   e - Blade Hands                    Transmutation                5
Comestibles
 c - a meat ration


   Skills:
 + Level 3.9 Fighting
 + Level 2.1 Long Blades
 + Level 1.8 Axes
 * Level 2.5 Armour
 + Level 1.0 Dodging
 * Level 2.9 Invocations


You had 3 spell levels left.
You didn't know any spells.

Dungeon Overview and Level Annotations

Branches:
Dungeon (3/15)

Altars:
Ru

Annotations:
Sewer Purgy


Innate Abilities, Weirdness & Mutations

Your body is rotting away.
You thrive on raw meat.
You are immune to poison.
You have sharp fingernails.
You are carnivorous and can eat meat at any time.
Your flesh is cold resistant. (rC+)
You are immune to negative energy. (rN+++)
You regenerate slowly when monsters are visible.
You are immune to unholy pain and torment.
You can survive without breathing.


Message History

You hit Purgy. You burn Purgy.
Purgy is moderately wounded.
Purgy completely misses you. Purgy claws you.
* * * LOW HITPOINT WARNING * * *
Purgy claws you but does no damage.
You hit Purgy. You burn Purgy.
Purgy is heavily wounded.
Purgy bites you.
* * * LOW HITPOINT WARNING * * *
Purgy claws you but does no damage. x2
You hit Purgy. You burn Purgy.
Purgy is heavily wounded.
Purgy bites you but does no damage. Purgy claws you but does no damage.
Purgy barely misses you. Purgy bites you but does no damage.
Purgy claws you but does no damage. Purgy claws you.
* * * LOW HITPOINT WARNING * * *
You barely miss Purgy.
Purgy is heavily wounded.
Purgy bites you but does no damage. Purgy barely misses you. Purgy claws you.
You die...

#+##+##+##+##+##+##+#
###...................##
≈≈#≈≈≈≈≈≈≈≈≈.≈≈≈≈≈≈≈≈≈#≈
≈≈#≈≈≈≈≈≈≈≈≈∩≈≈≈≈≈≈≈≈≈#≈
≈≈#≈≈≈≈≈≈≈≈≈.≈≈≈≈≈≈≈≈≈#≈
#....@..............#
#+##T##'##.##'##'##'# #.
#.##.##.##.##.# #$
#.##∩##.##[##.# ##
###############


You could see Purgy.

Vanquished Creatures
  An adder (D:1)
  2 river rats (D:2)
  An ooze (D:2)
  4 worms (D:2)
  A dart slug (D:1)
  2 leopard geckos (D:1)
  10 bats
  4 giant cockroaches
  9 goblins
  7 hobgoblins
  5 jackals (D:1)
  4 frilled lizards
  3 kobolds
  6 rats
59 creatures vanquished.

Notes
Turn   | Place    | Note
-------+----------+-------------------------------------------
     0 | Abyss:1  | Gargoyl the Ghoul Abyssal Knight began the quest for the Orb.
     0 | Abyss:1  | Reached XP level 1. HP: 19/19 MP: 1/1
    65 | Abyss:2  | Noticed an ancient zyme
    73 | Abyss:2  | Noticed a large abomination
   103 | Abyss:2  | Noticed a large abomination
   103 | D:1      | Escaped the Abyss
   259 | D:1      | Reached XP level 2. HP: 22/26 MP: 2/2
   488 | D:1      | Reached XP level 3. HP: 25/33 MP: 3/3
   522 | D:1      | Reached * piety under Lugonu
   773 | D:1      | Reached skill level 1 in Long Blades
  1494 | D:2      | Found a sacrificial altar of Ru.
  1686 | D:2      | Reached XP level 4. HP: 40/40 MP: 5/5
  2031 | D:3      | Found a glowing drain.
  2097 | D:2      | Reached skill level 1 in Dodging
  2105 | D:2      | Reached ** piety under Lugonu
  2170 | Sewer    | Entered a sewer
  2238 | Sewer    | Noticed Purgy
  2257 | Sewer    | HP: 1/38 [Purgy (1)]
  2258 | Sewer    | Slain by Purgy

Skill      XL: |  1  2  3  4 |
---------------+-------------+-----
Armour         | 2 |  2.5
Long Blades    | 1 2 |  2.1
Dodging        | 1 |  1.0
Fighting       | |  3.9
Axes           | |  1.8
Invocations    | |  2.9

Action                   |  1- 3 |  4- 6 || total
-------------------------+-------+-------++-------
Melee: Scimitar          |   144 |    88 ||   232
Invok: Depart the Abyss  |     1 |       ||     1
  Use: Scroll            |     5 |     1 ||     6
       Potion            |     3 |     1 ||     4
  Eat: Chunk             |    12 |     9 ||    21
Armor: Leather armour    |    11 |       ||    11
       Chain mail        |   130 |   122 ||   252
Dodge: Dodged            |    99 |    55 ||   154
       Rpst.: Scimitar   |    22 |     8 ||    30
